 Dungeon Crawl Stone Soup version 0.30.0-29-ga12c61a403 (webtiles) character file.

Game seed: 16381213925751297690

82 Ijustatesigmund the Stinger (level 4, -3/29 HPs)
             Began as an Octopode Venom Mage on June 14, 2023.
             Slain by a gnoll
             ... wielding a +0 halberd
              (12 damage)
             ... on level 3 of the Dungeon.
             The game lasted 00:04:38 (2350 turns).

Ijustatesigmund the Stinger (Octopode Venom Mage)   Turns: 2350, Time: 00:04:39

Health: -3/29      AC:  1    Str:  7    XL:     4   Next: 43%
Magic:  5/8        EV: 13    Int: 19    God:
Gold:   123        SH:  0    Dex: 12    Spells: 5/8 levels left

rFire   . . .        r - +2 whip (venom)
rCold   . . .        (no shield)
rNeg    . . .        (helmet restricted)
rPois   .            (no amulet)
rElec   .            b - ring of see invisible
rCorr   .            (no ring)
SInv    +            (no ring)
Will    .....        (no ring)
Stlth   +++          (no ring)
HPRegen 0.24/turn    (no ring)
MPRegen 0.11/turn    (no ring)
                     (no ring)

%: no passive effects
@: no status effects
A: almost no armour, amphibious, 8 rings, camouflage 1, gelatinous body 1,
(nimble swimmer 1), tentacles
a: no special abilities


You were on level 3 of the Dungeon.
You visited 1 branch of the dungeon, and saw 3 of its levels.

You collected 123 gold pieces.

Inventory:

Hand Weapons
 r - a +2 whip of venom (weapon)
Magical Staves
 d - a staff of earth
Jewellery
 b - a ring of see invisible (left tentacle)
Scrolls
 h - a scroll of noise {unknown}
 i - a scroll of amnesia {unknown}
 j - 2 scrolls of fear {unknown}
 k - a scroll of magic mapping {unknown}
 l - a scroll of blinking {unknown}
 m - a scroll of enchant armour {unknown}
 n - a scroll of fog {unknown}
 p - a scroll of identify {unknown}
 s - a scroll of poison {unknown}
Potions
 a - a potion of magic
 c - a potion of invisibility {unknown}
 e - 2 potions of curing
 f - a potion of resistance {unknown}
 g - a potion of haste {unknown}
 o - a potion of brilliance {unknown}
 q - a potion of attraction {unknown}
 t - a potion of mutation {unknown}


   Skills:
 + Level 1.7 Fighting
 - Level 2.0 Dodging
 - Level 2.6 Stealth
 + Level 2.7 Spellcasting
 - Level 1.0 Transmutations
 + Level 1.3 Air Magic
 + Level 4.5 Poison Magic


You had 5 spell levels left.
You knew the following spells:

 Your Spells              Type           Power      Damage    Failure   Level
a - Sting                 Tmut/Pois      52%        1d5       4%          1
b - Poisonous Vapours     Pois/Air       26%        N/A       7%          2

Your spell library contained the following spells:

 Spells                   Type           Power      Damage    Failure   Level
 Apportation              Tloc           4%         N/A       16%         1
 Freeze                   Ice            8%         1d3       16%         1
 Mephitic Cloud           Conj/Pois/Air  10%        N/A       22%         3
 Sublimation of Blood     Necr           2%         N/A       24%         2
 Olgreb's Toxic Radiance  Pois           19%        N/A       24%         4
 Frozen Ramparts          Ice            4%         1d1       43%         3
 Hailstorm                Conj/Ice       2%         3d3       43%         3
 Petrify                  Tmut/Erth      4%         N/A       77%         4
 Alistair's Intoxication  Tmut/Pois      8%         N/A       80%         5
 Irradiate                Conj/Tmut      2%         3d12      98%         5


Dungeon Overview and Level Annotations

Branches:
Dungeon (3/15)

Altars:


Innate Abilities, Weirdness & Mutations

You cannot wear most types of armour.
You are amphibious.
You can wear up to eight rings at the same time.
Your skin changes colour to match your surroundings (Stealth+).
Your rubbery body absorbs attacks. (AC +1, EV +1)
((You are camouflaged when in or above water. (Stealth+)))
You have tentacles for arms and can constrict up to eight enemies at once.


Message History

No target in view!
No target in view!
There is a stone staircase leading down here.
You now have 123 gold pieces (gained 12).
A gnoll comes into view. It is wielding a +0 flail.
Casting: Poisonous Vapours (safe; 8% risk of failure)
Confirm with . or Enter, or press ? or * to list all spells.
Aiming: Poisonous Vapours (safe; 8% risk of failure)
Press: ? - help, Dir - move target, f - gnoll
Aim: a gnoll, wielding a +0 flail (asleep) Poisonous vapours surround the gnoll!
The gnoll is poisoned.
The gnoll shouts!
A gnoll comes into view. It is wielding a +0 whip.
Casting: Poisonous Vapours (safe; 8% risk of failure)
Confirm with . or Enter, or press ? or * to list all spells.
Aiming: Poisonous Vapours (safe; 8% risk of failure)
Press: ? - help, Dir - move target, f/p - gnoll
Aim: a gnoll, wielding a +0 flail (poisoned) Poisonous vapours surround the gnoll!
The gnoll looks even sicker.
The gnoll shouts!
You hear a shout!
A gnoll comes into view. It is wielding a +0 halberd.
The gnoll shouts!
You barely miss the gnoll. You grab the gnoll.
The gnoll is moderately wounded.
You constrict the gnoll.
The gnoll escapes!
The gnoll barely misses you. The gnoll hits you with a +0 flail!
You closely miss the gnoll. You grab the gnoll. You squeeze the gnoll.
The gnoll is severely wounded.
You constrict the gnoll.
You kill the gnoll!
The gnoll hits you from afar with a +0 halberd.
The gnoll hits you with a +0 whip.
A goblin comes into view. It is wielding a +0 dagger.
The gnoll attacks as you move away! The gnoll hits you with a +0 whip.
The gnoll attacks as you move away! The gnoll hits you with a +0 whip!
* * * LOW HITPOINT WARNING * * *
The gnoll barely misses you.
It was a potion of curing.
You feel better.
The gnoll hits you from afar with a +0 halberd!
You die...

########......# #...#
#........#.##.# #...#
.........#.##.## ######...######.
...............###...............
.....†....#........[.............
............#..#.#....†.........>
........>......#<####.#...#.###..
........#......#.# #.#...#.#
.########...##.#@# #.#...#.#
#####.....g.# #.#...#.#
#......g#g### #.#...#.#
#.#####.#.######.......#
#.).....####..... #...###.# ....#
##..#.. ...#.##


You could see 2 gnolls and a goblin.

Vanquished Creatures
  A gnoll (D:3)
  2 adders (D:2)
  A worm (D:2)
  A dart slug (D:2)
  6 bats
  3 endoplasms (D:2)
  2 giant cockroaches (D:2)
  A goblin (D:1)
  4 hobgoblins
  7 jackals (D:1)
  3 quokkas
  2 ball pythons
  2 frilled lizards
  8 kobolds
  3 rats
46 creatures vanquished.

Notes
Turn   | Place    | Note
-------+----------+-------------------------------------------
     0 | D:1      | Ijustatesigmund the Octopode Venom Mage began the quest for
                  | the Orb.
     0 | D:1      | Reached XP level 1. HP: 11/11 MP: 3/3
   317 | D:1      | You fall into a shaft and drop 1 floor!
   330 | D:2      | Reached XP level 2. HP: 18/18 MP: 5/5
   470 | D:1      | Learned a level 2 spell: Poisonous Vapours
   541 | D:1      | Reached skill level 1 in Fighting
   541 | D:1      | Reached skill level 4 in Poison Magic
   916 | D:1      | Reached XP level 3. HP: 19/23 MP: 4/6
  1569 | D:2      | Reached skill level 1 in Air Magic
  1685 | D:2      | Reached XP level 4. HP: 21/28 MP: 4/7
  2350 | D:3      | Slain by a gnoll

Illustrated notes

Levels and vault maps discovered:
D:1:      heliophobic_arrival_ceremonial_halls, layout_basic
D:2:      layout_rooms
D:3:      layout_loops_cross, mainiacjoe_overflow_small_starburst

Skill      XL: |  1  2  3 |
---------------+----------+-----
Fighting       | 1 |  1.7
Poison Magic   | 4 |  4.5
Air Magic      | 1 |  1.3
Dodging        | |  2.0
Stealth        | |  2.6
Spellcasting   | |  2.7
Transmutations | |  1.0

Action                     |  1- 3 |  4- 6 || total
---------------------------+-------+-------++-------
  Melee: Unarmed           |     9 |       ||     9
         Staff             |    63 |    20 ||    83
         Constrict         |    20 |     7 ||    27
         Tentacles         |    16 |     4 ||    20
         Punch             |     1 |       ||     1
         Whip              |       |     6 ||     6
   Cast: Sting             |     5 |     1 ||     6
         Poisonous Vapours |    13 |    10 ||    23
    Use: Scroll            |     1 |       ||     1
         Potion            |       |     1 ||     1
   Stab: Sleeping          |     2 |     4 ||     6
 Armour: Skin              |     9 |     5 ||    14
  Dodge: Dodged            |    67 |    24 ||    91
